General information
- name: BNet
- type: Ladder team game (AT/RT)
- host: Battle.net
- saver: fineX
map: RiverOfSouls
- players: 6
- length: 70:51
- speed: Fast
- version: 1.24 W3XP
- replay type: Public
» download(459 KB)
Players
team 1 (winner)
fineX (
purple | 86 APM | 6093 actions | 70:51)
5 Pandaren Brewmaster
3 Breath of Fire
2 Drunken Haze
5 Tauren Chieftain
3 Shockwave
2 Endurance Aura
» actions
| Assign group hotkey | 493 | |
| Basic commands | 5 | |
| Build / train | 79 | |
| Enter build submenu | 40 | |
| Enter hero's abilities submenu | 13 | |
| Give item / drop item | 3 | |
| Right click | 3373 | |
| Select / deselect | 513 | |
| Select group hotkey | 1267 | |
| Use ability | 307 | |
6093 total
» units
| Peon | 12 | |
| Troll Batrider | 15 | |
| Demolisher | 3 | |
30 total
» upgrades
| Ranged Weapons | 3 | |
| Liquid Fire | 2 | |
| Reinforced Defenses | 1 | |
| Burning Oil | 1 | |
7 total
» buildings
| Altar of Storms | 1 | |
| Orc Burrow | 7 | |
| War Mill | 2 | |
| Watch Tower | 16 | |
| Voodoo Lounge | 6 | |
| Stronghold | 1 | |
| Fortress | 1 | |
| Beastiary | 2 | |
| Barracks | 2 | |
38 total
» build order
00:03 Altar of Storms
00:05 Orc Burrow
00:35 War Mill
00:38 War Mill
01:54 Watch Tower
02:13 Watch Tower
02:34 Watch Tower
03:01 Watch Tower
03:32 Watch Tower
03:33 Watch Tower
03:35 Voodoo Lounge
03:43 Watch Tower
04:34 Stronghold
05:12 Voodoo Lounge
05:16 Watch Tower
05:24 Watch Tower
06:03 Orc Burrow
06:07 Orc Burrow
06:09 Orc Burrow
06:16 Voodoo Lounge
06:27 Watch Tower
06:41 Watch Tower
07:39 Watch Tower
08:05 Watch Tower
08:48 Fortress
08:50 Beastiary
08:55 Watch Tower
10:24 Beastiary
12:43 Barracks
12:45 Barracks
13:53 Watch Tower
15:06 Watch Tower
19:22 Orc Burrow
19:22 Orc Burrow
19:23 Orc Burrow
59:28 Voodoo Lounge
59:38 Voodoo Lounge
60:40 Voodoo Lounge
» items
| Boots of Speed | 2 | |
| Staff of Teleportation | 2 | |
| Healing Salve | 5 | |
| Lesser Clarity Potion | 9 | |
| Potion of Mana | 3 | |
| Potion of Healing | 2 | |
| Scroll of Town Portal | 2 | |
| Orb of Lightning | 2 | |
| Scroll of Speed | 1 | |
28 total
KeKeZergRush (
orange | 63 APM | 4465 actions | 70:50)
4 Mountain King
2 Storm Bolt
2 Bash
4 Paladin
2 Holy Light
2 Divine Shield
» actions
| Assign group hotkey | 20 | |
| Basic commands | 19 | |
| Build / train | 92 | |
| ESC pressed | 1 | |
| Enter build submenu | 59 | |
| Enter hero's abilities submenu | 8 | |
| Give item / drop item | 3 | |
| Right click | 1845 | |
| Select / deselect | 357 | |
| Select group hotkey | 1779 | |
| Use ability | 282 | |
4465 total
» units
| Peasant | 14 | |
| Mortar Team | 7 | |
| Priest | 1 | |
| Sorceress | 2 | |
24 total
» upgrades
| Masonry | 3 | |
| Lumber Harvesting | 1 | |
| Magic Sentry | 1 | |
| Flare | 1 | |
| Fragmentation Shards | 1 | |
| Gunpowder | 3 | |
| Sorceress Training | 2 | |
| Priest Training | 2 | |
14 total
» buildings
| Altar of Kings | 1 | |
| Farm | 7 | |
| Lumber Mill | 1 | |
| Scout Tower | 54 | |
| Arcane Tower | 1 | |
| Guard Tower | 24 | |
| Keep | 3 | |
| Blacksmith | 1 | |
| Arcane Sanctum | 1 | |
| Workshop | 2 | |
| Castle | 1 | |
| Arcane Vault | 3 | |
| Town Hall | 2 | |
101 total
» build order
00:07 Altar of Kings
00:09 Farm
00:27 Lumber Mill
00:49 Farm
01:30 Farm
01:38 Scout Tower
01:39 Scout Tower
01:41 Scout Tower
01:45 Scout Tower
02:11 Arcane Tower
02:15 Guard Tower
02:26 Scout Tower
02:44 Guard Tower
02:46 Scout Tower
03:09 Guard Tower
03:12 Scout Tower
03:14 Scout Tower
04:01 Guard Tower
04:04 Scout Tower
04:06 Guard Tower
04:12 Keep
04:12 Keep
05:10 Scout Tower
05:11 Scout Tower
05:12 Scout Tower
05:13 Scout Tower
05:14 Scout Tower
05:16 Scout Tower
05:21 Scout Tower
05:22 Scout Tower
05:25 Scout Tower
05:26 Scout Tower
05:28 Guard Tower
06:14 Guard Tower
06:32 Guard Tower
06:34 Guard Tower
06:38 Scout Tower
06:39 Scout Tower
07:31 Guard Tower
07:34 Guard Tower
08:09 Blacksmith
08:18 Scout Tower
08:19 Scout Tower
08:20 Scout Tower
08:51 Guard Tower
08:58 Arcane Sanctum
10:27 Workshop
10:28 Workshop
11:30 Guard Tower
13:11 Scout Tower
13:11 Scout Tower
13:12 Scout Tower
13:12 Scout Tower
13:13 Scout Tower
13:19 Scout Tower
13:19 Scout Tower
13:23 Scout Tower
13:24 Scout Tower
13:25 Scout Tower
13:28 Scout Tower
13:29 Scout Tower
13:30 Scout Tower
13:31 Scout Tower
13:33 Scout Tower
13:34 Scout Tower
13:44 Guard Tower
14:00 Scout Tower
14:02 Guard Tower
14:11 Guard Tower
14:11 Guard Tower
14:20 Guard Tower
14:25 Scout Tower
14:25 Scout Tower
14:26 Scout Tower
14:27 Scout Tower
14:48 Guard Tower
14:59 Guard Tower
15:04 Castle
15:23 Guard Tower
15:33 Scout Tower
15:41 Scout Tower
15:42 Scout Tower
15:43 Scout Tower
15:43 Scout Tower
15:44 Scout Tower
15:48 Scout Tower
15:48 Scout Tower
15:50 Scout Tower
16:00 Farm
16:00 Farm
16:29 Guard Tower
16:59 Guard Tower
17:02 Guard Tower
17:52 Farm
17:59 Farm
21:53 Arcane Vault
59:48 Arcane Vault
59:56 Arcane Vault
68:18 Town Hall
68:48 Town Hall
» items
| Boots of Speed | 2 | |
| Staff of Teleportation | 3 | |
| Lesser Clarity Potion | 3 | |
| Orb of Lightning | 2 | |
| Staff of Sanctuary | 1 | |
| Scroll of Town Portal | 1 | |
12 total
NuttLovr1998 (
red | 118 APM | 8353 actions | 70:50)
7 Mountain King
3 Storm Bolt
3 Bash
1 Avatar
» actions
| Assign group hotkey | 3069 | |
| Basic commands | 160 | |
| Build / train | 68 | |
| Enter build submenu | 28 | |
| Enter hero's abilities submenu | 7 | |
| Give item / drop item | 9 | |
| Right click | 2437 | |
| Select / deselect | 430 | |
| Select group hotkey | 1882 | |
| Use ability | 263 | |
8353 total
» units
| Peasant | 16 | |
| Priest | 1 | |
| Sorceress | 3 | |
| Mortar Team | 2 | |
22 total
» upgrades
| Masonry | 2 | |
| Sorceress Training | 1 | |
| Magic Sentry | 1 | |
4 total
» buildings
| Altar of Kings | 2 | |
| Farm | 7 | |
| Lumber Mill | 2 | |
| Scout Tower | 17 | |
| Arcane Tower | 4 | |
| Guard Tower | 7 | |
| Keep | 1 | |
| Arcane Sanctum | 1 | |
| Arcane Vault | 1 | |
| Blacksmith | 1 | |
| Castle | 1 | |
| Workshop | 4 | |
48 total
» build order
00:08 Altar of Kings
00:35 Farm
00:51 Lumber Mill
01:08 Farm
01:36 Scout Tower
01:46 Scout Tower
02:06 Arcane Tower
02:08 Scout Tower
02:15 Scout Tower
02:27 Guard Tower
02:28 Scout Tower
02:37 Guard Tower
02:48 Scout Tower
02:57 Arcane Tower
03:07 Guard Tower
03:08 Scout Tower
04:05 Keep
04:09 Scout Tower
04:28 Guard Tower
04:34 Guard Tower
04:42 Scout Tower
04:43 Scout Tower
04:43 Scout Tower
05:07 Farm
05:07 Farm
05:08 Farm
05:08 Farm
05:08 Farm
05:22 Arcane Tower
05:22 Arcane Tower
06:07 Guard Tower
07:13 Arcane Sanctum
07:17 Arcane Vault
07:20 Blacksmith
08:05 Castle
10:06 Workshop
10:06 Workshop
10:12 Scout Tower
10:12 Scout Tower
10:12 Scout Tower
10:13 Scout Tower
10:13 Scout Tower
11:25 Guard Tower
12:39 Altar of Kings
13:32 Workshop
13:32 Workshop
13:45 Lumber Mill
» items
| Dust of Appearance | 1 | |
| Boots of Speed | 4 | |
| Healing Salve | 2 | |
| Staff of Teleportation | 1 | |
| Potion of Healing | 2 | |
| Orb of Lightning | 1 | |
| Tiny Great Hall | 1 | |
| Lesser Clarity Potion | 7 | |
| Potion of Lesser Invulnerability | 1 | |
| Scroll of Speed | 1 | |
21 total
team 2 (loser)
1RoN. (
yellow | 73 APM | 5159 actions | 70:49)
4 Death Knight
2 Death Coil
2 Unholy Aura
4 Lich
2 Frost Nova
2 Dark Ritual
1 Crypt Lord
1 Impale
» actions
| Basic commands | 172 | |
| Build / train | 75 | |
| ESC pressed | 1 | |
| Enter build submenu | 23 | |
| Enter hero's abilities submenu | 9 | |
| Give item / drop item | 1 | |
| Remove unit from queue | 1 | |
| Right click | 3260 | |
| Select / deselect | 1403 | |
| Use ability | 214 | |
5159 total
» units
| Acolyte | 15 | |
| Ghoul | 4 | |
| Crypt Fiend | 8 | |
| Obsidian Statue | 7 | |
| Abomination | 2 | |
| Meatwagon | 3 | |
39 total
» upgrades
| Creature Attack | 3 | |
| Web | 1 | |
| Disease Cloud | 1 | |
| Destroyer Form | 1 | |
| Unholy Strength | 2 | |
8 total
» buildings
| Altar of Darkness | 1 | |
| Ziggurat | 13 | |
| Graveyard | 1 | |
| Crypt | 1 | |
| Tomb of Relics | 1 | |
| Nerubian Tower | 2 | |
| Halls of the Dead | 1 | |
| Slaughterhouse | 2 | |
| Black Citadel | 1 | |
| Spirit Tower | 3 | |
26 total
» build order
00:17 Altar of Darkness
00:20 Ziggurat
00:59 Graveyard
01:04 Crypt
01:19 Tomb of Relics
01:40 Ziggurat
02:39 Nerubian Tower
04:15 Halls of the Dead
04:38 Ziggurat
06:25 Ziggurat
06:41 Slaughterhouse
07:23 Slaughterhouse
08:50 Black Citadel
09:34 Ziggurat
11:29 Ziggurat
12:12 Ziggurat
12:13 Ziggurat
12:15 Ziggurat
12:16 Ziggurat
12:23 Ziggurat
14:13 Spirit Tower
14:17 Ziggurat
16:23 Spirit Tower
18:12 Ziggurat
23:06 Spirit Tower
23:09 Nerubian Tower
» items
| Rod of Necromancy | 1 | |
| Healing Salve | 1 | |
| Sacrificial Skull | 1 | |
| Orb of Corruption | 1 | |
| Potion of Healing | 2 | |
| Scroll of Protection | 1 | |
| Scroll of Healing | 1 | |
8 total
BladeMasta (
green | 83 APM | 5872 actions | 70:41)
5 Death Knight
3 Death Coil
2 Unholy Aura
3 Lich
2 Frost Nova
1 Frost Armor
» actions
| Assign group hotkey | 132 | |
| Basic commands | 13 | |
| Build / train | 105 | |
| Enter build submenu | 36 | |
| Enter hero's abilities submenu | 8 | |
| Give item / drop item | 1 | |
| Remove unit from queue | 1 | |
| Right click | 2487 | |
| Select / deselect | 741 | |
| Select group hotkey | 2219 | |
| Use ability | 129 | |
5872 total
» units
| Acolyte | 33 | |
| Ghoul | 4 | |
| Crypt Fiend | 14 | |
| Meatwagon | 9 | |
| Obsidian Statue | 7 | |
| Frost Wyrm | 9 | |
76 total
» upgrades
| Web | 1 | |
| Exhume Corpses | 1 | |
| Freezing Breath | 1 | |
| Creature Attack | 2 | |
| Creature Carapace | 2 | |
| Necromancer Training | 1 | |
8 total
» buildings
| Graveyard | 1 | |
| Crypt | 1 | |
| Altar of Darkness | 1 | |
| Ziggurat | 14 | |
| Nerubian Tower | 1 | |
| Tomb of Relics | 1 | |
| Halls of the Dead | 1 | |
| Slaughterhouse | 1 | |
| Black Citadel | 1 | |
| Sacrificial Pit | 1 | |
| Boneyard | 2 | |
| Temple of the Damned | 2 | |
| Spirit Tower | 1 | |
28 total
» build order
00:08 Graveyard
00:17 Crypt
00:35 Altar of Darkness
00:57 Ziggurat
02:01 Nerubian Tower
02:22 Tomb of Relics
02:28 Ziggurat
04:13 Halls of the Dead
05:30 Ziggurat
06:44 Slaughterhouse
08:06 Ziggurat
08:48 Black Citadel
09:17 Sacrificial Pit
09:51 Ziggurat
12:47 Boneyard
13:09 Boneyard
13:46 Ziggurat
14:16 Ziggurat
15:15 Ziggurat
17:03 Ziggurat
17:35 Ziggurat
34:29 Temple of the Damned
34:32 Temple of the Damned
37:36 Ziggurat
37:37 Ziggurat
62:42 Ziggurat
62:44 Ziggurat
63:39 Spirit Tower
» items
| Rod of Necromancy | 2 | |
| Potion of Healing | 1 | |
| Orb of Corruption | 1 | |
4 total
H]ustler[N]ight (
teal | 38 APM | 2700 actions | 70:49)
3 Blademaster
2 Wind Walk
1 Critical Strike
1 Shadow Hunter
1 Healing Wave
» actions
| Basic commands | 4 | |
| Build / train | 75 | |
| Enter build submenu | 20 | |
| Enter hero's abilities submenu | 4 | |
| Remove unit from queue | 6 | |
| Right click | 1402 | |
| Select / deselect | 1063 | |
| Use ability | 126 | |
2700 total
» units
| Peon | 7 | |
| Grunt | 7 | |
| Spirit Walker | 5 | |
| Raider | 8 | |
| Demolisher | 10 | |
| Shaman | 2 | |
| Troll Witch Doctor | 5 | |
44 total
» upgrades
| Pillage | 1 | |
| Ensnare | 1 | |
| Spirit Walker Training | 1 | |
| Armor | 2 | |
| Melee Weapons | 2 | |
| Ranged Weapons | 3 | |
| Shaman Training | 2 | |
| Burning Oil | 1 | |
13 total
» buildings
| Altar of Storms | 1 | |
| Orc Burrow | 9 | |
| Barracks | 1 | |
| Voodoo Lounge | 1 | |
| Stronghold | 1 | |
| Spirit Lodge | 1 | |
| Beastiary | 1 | |
| War Mill | 1 | |
| Fortress | 1 | |
| Great Hall | 3 | |
20 total
» build order
00:25 Altar of Storms
00:36 Orc Burrow
00:46 Orc Burrow
01:21 Barracks
01:49 Voodoo Lounge
02:16 Orc Burrow
04:06 Stronghold
05:07 Orc Burrow
06:41 Spirit Lodge
06:43 Beastiary
07:45 War Mill
08:22 Orc Burrow
09:10 Orc Burrow
14:31 Orc Burrow
14:32 Orc Burrow
14:34 Orc Burrow
16:49 Fortress
24:11 Great Hall
27:11 Great Hall
28:43 Great Hall
» items
| Healing Salve | 2 | |
| Lesser Clarity Potion | 3 | |
| Orb of Lightning | 1 | |
| Potion of Mana | 1 | |
7 total
Chat log
(00:13 / Allies) fineX: dude u get 10% of 17-21 dmg back as hp
(00:15 / Allies) fineX: thats pretty good imo
(00:17 / Allies) fineX: ya ok
(00:23 / Allies) fineX: panda tc
(00:23 / Allies) fineX: imo
(00:25 / Allies) NuttLovr1998: cuz i wanna go mk pal
(00:39 / Allies) NuttLovr1998: then we got mas nukes from towrers
(00:51 / Allies) fineX: make morters pls
(00:56 / Allies) NuttLovr1998: yea no air
(01:02 / Allies) fineX: i like to replace "a" with "e" sometimes
(01:03 / Allies) NuttLovr1998: except hawks if its relevant
(01:04 / Allies) fineX: i think its cute
(01:21 / Allies) fineX: nah mean.
(01:27 / Allies) NuttLovr1998: dont tower late
(02:53 / Allies) fineX: a bm..
(02:54 / Allies) KeKeZergRush: bm incoming
(03:27 / Allies) NuttLovr1998: u wont kill
(03:28 / Allies) NuttLovr1998: i think
(03:56 / Allies) fineX: get sight asap
(03:59 / Allies) fineX: and put on al lines
(04:20 / Allies) fineX: omw
(04:21 / Allies) KeKeZergRush: should do their side first
(04:24 / Allies) NuttLovr1998: shops at all lines plz
(04:30 / Allies) NuttLovr1998: eh either
(04:31 / Allies) NuttLovr1998: doubt they creep it
(05:33 / Allies) NuttLovr1998: go
(05:40 / Allies) fineX: get main guy
(05:44 / Allies) NuttLovr1998: bm
(06:32 / Allies) fineX: luym pls
(07:08 / Allies) KeKeZergRush: did they even see towers?
(07:11 / Allies) fineX: yeah
(07:52 / Allies) KeKeZergRush: finish
(07:54 / Allies) NuttLovr1998: nah
(07:58 / Allies) NuttLovr1998: we can anytime
(08:35 / Allies) NuttLovr1998: cant
(08:38 / Allies) fineX: fkee
(09:02 / Allies) NuttLovr1998: eh just creep our shit i guess
(09:07 / Allies) NuttLovr1998: get first heroes to 3 at least
(09:44 / Allies) NuttLovr1998: use miltia
(10:19 / Allies) NuttLovr1998: remember to make units
(10:30 / Allies) NuttLovr1998: they push
(11:29 / Allies) NuttLovr1998: miltia
(12:05 / Allies) fineX: not enuff morters lol
(12:21 / Allies) NuttLovr1998: why bats btw
(12:23 / Allies) NuttLovr1998: fucki nigger
(12:55 / Allies) fineX: i made building for bats cuz we got 2 hu...
(12:57 / Allies) NuttLovr1998: keke tower
(12:59 / Allies) NuttLovr1998: or we lost
(12:59 / Allies) fineX: i assume one of u will get morter
(13:23 / Allies) NuttLovr1998: yeah but bats arent good vs ground
(13:28 / Allies) fineX: no shit...
(13:40 / Allies) fineX: i expect u guys to cover ground!!!
(14:03 / Allies) NuttLovr1998: some gold
(14:05 / Allies) KeKeZergRush: lum if you got
(16:43 / Allies) NuttLovr1998: 50 gold
(17:40 / Allies) NuttLovr1998: a priest or 2
(18:34 / Allies) NuttLovr1998: get priest and invis sorc when u can
(19:17 / Allies) NuttLovr1998: get more burrows for bats if they air
(19:26 / Allies) fineX: he has wyrms
(21:33 / Allies) fineX: care
(21:34 / Allies) fineX: raiders
(22:16 / Allies) fineX: im going upkeep
(22:18 / Allies) NuttLovr1998: ya go
(22:39 / Allies) NuttLovr1998: idk why they havent expod
(22:39 / Allies) KeKeZergRush: frosties
(24:11 / Allies) fineX: coming
(24:14 / Allies) NuttLovr1998: heroes
(25:14 / Allies) fineX: is there am
(25:19 / Allies) NuttLovr1998: na
(25:21 / Allies) fineX: gay
(26:05 / Allies) KeKeZergRush: care for bm
(26:53 / Allies) NuttLovr1998: buy speed scroll and u can use tc panda near towers ok
(27:31 / Allies) NuttLovr1998: dont use bats except in fite
(27:35 / Allies) fineX: too late
(27:42 / Allies) fineX: FUICK
(27:45 / Allies) NuttLovr1998: from now on
(27:49 / Allies) NuttLovr1998: wtf
(28:13 / Allies) NuttLovr1998: gimmie 500g
(28:46 / Allies) NuttLovr1998: now bat
(29:06 / Allies) NuttLovr1998: 500g quick
(29:30 / Allies) fineX: 255g someone
(29:33 / Allies) NuttLovr1998: good fight
(29:42 / Allies) KeKeZergRush: 1.5k left
(30:11 / Allies) NuttLovr1998: expoin there
(30:54 / Allies) NuttLovr1998: nothing guarding
(30:55 / Allies) NuttLovr1998: i guess
(30:56 / Allies) KeKeZergRush: kill it quick
(31:10 / Allies) NuttLovr1998: uh go
(33:42 / Allies) fineX: run
(34:13 / Allies) NuttLovr1998: we can fight possibly the 2 ud
(34:31 / Allies) NuttLovr1998: if we do the orc might leave and we can mort that expo
(35:54 / Allies) NuttLovr1998: sh has no heal
(36:26 / Allies) NuttLovr1998: expo now quik
(36:34 / Allies) NuttLovr1998: mort?
(36:37 / Allies) NuttLovr1998: eh
(36:38 / Allies) NuttLovr1998: expo
(36:43 / Allies) NuttLovr1998: unless ud comes
(36:52 / Allies) NuttLovr1998: also u can nuke with tc panda
(36:55 / Allies) fineX: no mana
(37:10 / Allies) KeKeZergRush: bat that?
(37:14 / Allies) fineX: k
(37:19 / Allies) NuttLovr1998: yeah may as well but scan while doing it
(37:20 / Allies) NuttLovr1998: so u dont lose
(37:29 / Allies) KeKeZergRush: flare now
(37:41 / Allies) NuttLovr1998: no need to take heroes for it
(37:46 / Allies) KeKeZergRush: exp
(37:49 / Allies) NuttLovr1998: tru igues
(37:53 / Allies) NuttLovr1998: dont lose anything
(39:12 / Allies) NuttLovr1998: fight with heroes if other ud doesnt go there
(39:20 / Allies) NuttLovr1998: nm he is
(39:21 / Allies) fineX: tc is nonmana
(39:24 / Allies) NuttLovr1998: thats pretty open then
(39:35 / Allies) NuttLovr1998: nm thats open
(39:46 / Allies) NuttLovr1998: we can kill
(39:47 / Allies) NuttLovr1998: with nukes
(39:49 / Allies) fineX: coming
(39:49 / Allies) NuttLovr1998: heroes
(39:55 / Allies) fineX: but i only got one nuke each
(39:55 / Allies) NuttLovr1998: keke come too
(40:07 / Allies) KeKeZergRush: dk first?
(40:09 / Allies) fineX: ya
(40:41 / Allies) NuttLovr1998: out quik after it dies
(41:01 / Allies) NuttLovr1998: bats will kill
(41:23 / Allies) fineX: gay tc nuke is so expensive
(41:56 / All) H]ustler[N]ight: guys comon leave
(42:09 / Allies) fineX: kick hisd ass
(42:16 / Allies) fineX: no tplol
(42:17 / Allies) NuttLovr1998: tje bn
(42:25 / All) BladeMasta: wow
(42:40 / Allies) NuttLovr1998: mort
(42:50 / Allies) NuttLovr1998: out
(43:18 / All) BladeMasta: u guys suck hard.
(43:33 / Allies) fineX: morts
(44:37 / Allies) NuttLovr1998: if they push this we need to retreat
(44:37 / Allies) fineX: hrtuin for mana
(45:11 / Allies) fineX: stats r fuckin gay
(45:15 / Allies) fineX: cuz they can regen mana...
(45:21 / Allies) fineX: ud can nuke all day
(45:31 / Allies) NuttLovr1998: b
(45:38 / Allies) NuttLovr1998: nm lol
(45:54 / Allies) NuttLovr1998: b
(45:54 / Allies) NuttLovr1998: b
(45:54 / Allies) NuttLovr1998: b
(46:15 / Allies) fineX: wuts our losses
(46:24 / Allies) KeKeZergRush: no morts
(46:25 / Allies) NuttLovr1998: not much
(46:28 / Allies) KeKeZergRush: 1 sorc
(46:34 / Allies) KeKeZergRush: unless she is floating some where
(46:42 / Allies) fineX: i moved her
(46:43 / Allies) NuttLovr1998: hit expo if they come to kill my expo
(46:52 / Allies) NuttLovr1998: dont use bats
(47:02 / Allies) NuttLovr1998: nm u can
(47:59 / Allies) NuttLovr1998: we can prob snipe shit
(48:15 / Allies) fineX: nice
(48:19 / Allies) fineX: lichy
(48:33 / Allies) NuttLovr1998: hi
(48:34 / Allies) fineX: come keke
(48:35 / Allies) NuttLovr1998: kill lich
(49:40 / Allies) NuttLovr1998: rofl
(49:43 / Allies) fineX: lol
(49:44 / Allies) NuttLovr1998: tahts gotten me 1.5k so far
(49:46 / Allies) fineX: nice
(49:49 / Allies) fineX: were doing p. well
(49:51 / Allies) fineX: things considered
(49:54 / Allies) fineX: they have barely any army now
(50:05 / Allies) NuttLovr1998: snipe as they move
(50:10 / Allies) KeKeZergRush: smart cow
(50:12 / Allies) fineX: defend?
(50:18 / Allies) NuttLovr1998: dont defend
(50:27 / Allies) NuttLovr1998: too risky and we up on gold now anyways
(50:39 / Allies) fineX: lol keep mining
(51:14 / All) NuttLovr1998: do we win yet
(51:22 / Allies) fineX: wow free demo
(51:33 / Allies) NuttLovr1998: is the orc out or something wheres nm
(51:34 / Allies) NuttLovr1998: bm
(51:39 / Allies) fineX: hes out i think
(51:41 / Allies) NuttLovr1998: afk a sec
(51:57 / Allies) fineX: wtf
(52:02 / Allies) fineX: where r they
(52:13 / Allies) KeKeZergRush: ud selling shit
(52:14 / Allies) fineX: lol hes unsumoned
(52:19 / Allies) fineX: gonna go kill some acos
(52:43 / Allies) KeKeZergRush: got aboug 130
(52:44 / Allies) KeKeZergRush: from that
(52:48 / Allies) KeKeZergRush: brb bathroom
(52:56 / Allies) fineX: wow im only one here
(53:00 / Allies) NuttLovr1998: i am now
(53:15 / Allies) NuttLovr1998: we good.. if no lose heroes
(53:16 / Allies) NuttLovr1998: lawl
(53:27 / Allies) fineX: lol
(53:50 / Allies) fineX: almost 5x2
(54:53 / Allies) KeKeZergRush: back
(55:02 / Allies) fineX: i got 5
(55:09 / All) BladeMasta: lOool noob
(56:00 / Allies) NuttLovr1998: kill fiends
(56:01 / Allies) NuttLovr1998: atm
(56:25 / Allies) fineX: lmao
(56:26 / Allies) fineX: nice
(56:39 / Allies) fineX: i got no mana for a while
(56:41 / Allies) NuttLovr1998: free exp
(56:45 / Allies) fineX: mine
(56:47 / Allies) NuttLovr1998: take heroes
(56:49 / Allies) KeKeZergRush: damn
(56:56 / Allies) NuttLovr1998: go
(56:58 / Allies) NuttLovr1998: dont beslow
(57:32 / Allies) fineX: almost 5 on tc
(58:21 / Allies) NuttLovr1998: fiendkill
(58:22 / Allies) NuttLovr1998: imo
(58:42 / Allies) NuttLovr1998: lich
(59:01 / Allies) NuttLovr1998: \jesus
(59:02 / Allies) fineX: no mana
(59:03 / Allies) NuttLovr1998: why u not kil lich!!
(59:14 / Allies) NuttLovr1998: make shop
(59:14 / Allies) NuttLovr1998: either
(59:17 / Allies) NuttLovr1998: for clarities
(59:22 / Allies) fineX: dont have the gold for it do we
(59:24 / All) 1RoN.: c'mon
(59:32 / Allies) fineX: well what else we gonna spoend on
(59:36 / Allies) NuttLovr1998: care
(59:40 / Allies) NuttLovr1998: keke make a shop
(59:45 / Allies) fineX: i got it
(59:46 / Allies) NuttLovr1998: or 2
(59:50 / Allies) NuttLovr1998: more is good
(59:51 / Allies) NuttLovr1998: dood
(60:06 / Allies) NuttLovr1998: keke dont lose heros
(60:15 / Allies) fineX: u got teh darkspawn taint
(60:18 / Allies) KeKeZergRush: remember only t1 items in shot
(60:20 / Allies) KeKeZergRush: shop
(60:24 / Allies) NuttLovr1998: yes clarities good
(60:28 / Allies) NuttLovr1998: salves ok too
(60:30 / Allies) NuttLovr1998: and speed scroll
(60:33 / Allies) NuttLovr1998: make another orc shop plz
(60:34 / Allies) NuttLovr1998: 2 is good
(60:42 / Allies) NuttLovr1998: keke why god
(60:46 / Allies) fineX: dude
(60:47 / Allies) NuttLovr1998: me scare
(60:53 / Allies) fineX: holy fukk
(60:53 / Allies) fineX: lmao
(60:55 / Allies) NuttLovr1998: snipe fiends from range
(60:58 / Allies) NuttLovr1998: seriozly
(61:10 / Allies) NuttLovr1998: finex will kill siege eventually it sucks
(61:15 / Allies) fineX: ya
(61:17 / Allies) fineX: i got nukex2
(61:20 / Allies) KeKeZergRush: no mana for pala
(61:23 / Allies) NuttLovr1998: and nukes will kill fiends
(61:24 / Allies) KeKeZergRush: so dont expect heals
(61:25 / Allies) NuttLovr1998: then its just heroes
(61:29 / Allies) fineX: and teh stats too
(61:31 / Allies) NuttLovr1998: use clarities
(61:38 / Allies) NuttLovr1998: we got a couple k gold
(62:09 / Allies) NuttLovr1998: clarities paladin at least
(62:11 / Allies) NuttLovr1998: heals good
(62:18 / Allies) NuttLovr1998: u got no main br09
(62:26 / Allies) KeKeZergRush: oops
(62:27 / Allies) fineX: manny mine lol
(62:37 / Allies) KeKeZergRush: 2 peas
(62:56 / Allies) NuttLovr1998: ew can nuke acos in 1sec
(63:06 / Allies) NuttLovr1998: they comign keke
(63:22 / All) KeKeZergRush: nice coil
(63:28 / All) fineX: ...NOT!!!
(63:58 / Allies) fineX: hes making more fiends
(64:33 / All) H]ustler[N]ight: gg guys leave
(64:44 / All) H]ustler[N]ight: u did great now u can leave
(64:48 / All) H]ustler[N]ight: im serios
(64:50 / All) NuttLovr1998: but we're winning
(64:52 / All) fineX: Same 2 U ^___^
(64:57 / All) KeKeZergRush: no we dont play with serious
(65:00 / All) fineX: im from China
(65:00 / All) H]ustler[N]ight: winning XD ahahahah
(65:00 / All) NuttLovr1998: we have quite alot of gold
(65:01 / All) KeKeZergRush: he is too tense
(65:16 / All) H]ustler[N]ight: ahahah uguys have nothing
(65:19 / All) H]ustler[N]ight: just leave
(65:22 / All) H]ustler[N]ight: im serios
(65:23 / All) fineX: then kill the rest of stuff ^_^
(65:26 / Allies) NuttLovr1998: wtf
(65:26 / Allies) NuttLovr1998: wtf
(65:27 / Allies) NuttLovr1998: wtf
(65:27 / Allies) NuttLovr1998: wtf
(65:28 / Allies) NuttLovr1998: w5tf
(65:33 / Allies) fineX: wtf lol
(65:34 / Allies) fineX: flare before u go
(65:40 / Allies) NuttLovr1998: use nukes on fiends please
(65:45 / Allies) NuttLovr1998: keke also
(65:58 / Allies) NuttLovr1998: heal on hero tho
(65:59 / Allies) NuttLovr1998: not nuke
(66:01 / Allies) NuttLovr1998: unless sure kill
(66:25 / Allies) fineX: no manas
(66:54 / Allies) NuttLovr1998: can light to kill these
(66:55 / Allies) NuttLovr1998: cuz hero
(67:11 / All) NuttLovr1998: leave please
(67:15 / All) NuttLovr1998: see you were losing
(67:15 / All) H]ustler[N]ight: juste backer chez vous c tou
(67:23 / All) H]ustler[N]ight: lool
(67:32 / All) fineX: go home
(67:33 / All) fineX: ??
(67:39 / Allies) NuttLovr1998: now expo top imo
(67:41 / All) H]ustler[N]ight: gros
(67:47 / Allies) NuttLovr1998: keke go expo
(67:50 / Allies) NuttLovr1998: either or both
(67:51 / Allies) NuttLovr1998: and do it now
(67:53 / Allies) NuttLovr1998: and speed build
(67:58 / All) H]ustler[N]ight: ahahaha ak les hero y vont nous battre
(68:06 / All) fineX: shut up fagget
(68:08 / All) NuttLovr1998: we cant understand your faggot language bro
(68:11 / Allies) NuttLovr1998: we aint gay
(68:14 / All) NuttLovr1998: we aint gays
(68:23 / Allies) NuttLovr1998: just expo both
(68:24 / Allies) NuttLovr1998: speed build
(68:25 / Allies) NuttLovr1998: quik
(68:27 / Allies) KeKeZergRush: no towers?
(68:30 / Allies) NuttLovr1998: nah
(68:33 / Allies) NuttLovr1998: they got jack shit
(68:34 / Allies) NuttLovr1998: free gold
(69:10 / All) fineX: ur ded lol
(69:15 / All) fineX: can u guys leave now
(69:20 / All) fineX: u had a good fight and all
(69:27 / All) BladeMasta: u guys are realy idot
(69:30 / All) H]ustler[N]ight: u leave lol
(69:31 / All) fineX: no youre idot
(69:35 / All) BladeMasta: idiot worst game ever
(69:36 / All) KeKeZergRush: i dot?
(69:36 / All) fineX: why would we leave
(69:39 / All) fineX: we're killing all your shit
(69:41 / All) KeKeZergRush: american not indian?
(69:49 / All) NuttLovr1998: how can you guys lose vs no units
(69:49 / All) NuttLovr1998: wtf
(69:51 / All) H]ustler[N]ight: lol gg
(69:57 / All) KeKeZergRush: not for you
(69:58 / All) fineX: we dont even have units!!!
(70:06 / All) fineX: not a gg for u cuz u LOSE LMAO
(70:16 / All) H]ustler[N]ight: t noob blade lol moi pi 1ron on es crissement fort enssemble serieu pi apres tu vien parler crak en disans jsui pourrie lol
(70:17 / All) H]ustler[N]ight: gg
(70:20 / Allies) NuttLovr1998: take clarities salves with u
(70:22 / Allies) NuttLovr1998: spend golds
(70:24 / Allies) fineX: goldme
(70:28 / Allies) NuttLovr1998: keke gold us if we need
(70:37 / All) NuttLovr1998: new players are so easy to beat.. lol
(70:49 / All) KeKeZergRush: get out